 Dungeon Crawl Stone Soup version 0.26.1-2-gb8aa6d0cf2 (webtiles) character file.

Game seed: 10820667936311135876

102487 raph the Lord of Darkness (level 15, -1/84 HPs)
             Began as a Deep Elf Earth Elementalist on Mar 14, 2021.
             Was the Champion of Kikubaaqudgha.
             Slain by Ilsuiw
             ... wielding a +5 trident of freezing
              (9 damage)
             ... on level 2 of the Shoals on Mar 16, 2021.
             The game lasted 02:00:30 (37147 turns).

raph the Lord of Darkness (DEEE)                   Turns: 37147, Time: 02:00:31

Health: -1/84      AC: 21    Str: 11    XL:     15   Next: 86%
Magic:  6/33       EV: 21    Int: 32    God:    Kikubaaqudgha [******]
Gold:   1477       SH:  6    Dex: 23    Spells: 4/38 levels left

rFire    + + .     SeeInvis .   a - +2 dagger (pain)
rCold    x . .     Faith    .   V - +0 buckler
rNeg     . . .     Spirit   .   p - +3 leather armour {rF+}
rPois    +         Reflect  .   R - +2 helmet
rElec    .         Harm     .   k - +2 cloak
rCorr    .         Rampage  .   C - +2 pair of gloves
Will     +....                  B - +0 pair of boots "Beir" {*Drain Dex+6}
Stlth    ++........             L - amulet "Fompoci" {RegenMP rPois rF+ rC- Int+7}
HPRegen  0.24/turn              s - +6 ring of strength
MPRegen  0.48/turn              S - +4 ring of protection

@: engulfed (cannot breathe), mesmerised, very slow
A: screaming 1
a: Renounce Religion, Receive Corpses, Torment


You were on level 2 of the Shoals.
You worshipped Kikubaaqudgha.
Kikubaaqudgha was exalted by your worship.
You visited 5 branches of the dungeon, and saw 26 of its levels.

You collected 2526 gold pieces.
You spent 1049 gold pieces at shops.

Inventory:

Hand Weapons
 a - a +2 dagger of pain (weapon)
 w - a +1 dagger of holy wrath
 y - a +1 dagger
 Y - a +3 short sword
Missiles
 F - 507 stones
Armour
 k - a +2 cloak (worn)
 p - a +3 leather armour of fire resistance (worn)
 B - the +0 pair of boots "Beir" (worn) {*Drain Dex+6}
   (You found it on level 7 of the Dungeon)

   It affects your dexterity (+6).
   It causes draining when unequipped.
 C - a +2 pair of gloves (worn)
 R - a +2 helmet (worn)
 V - a +0 buckler (worn)
Magical Staves
 b - an uncursed staff of death
Jewellery
 e - an uncursed amulet of regeneration
 g - an uncursed ring of resist corrosion
 s - a +6 ring of strength (left hand)
 L - the amulet "Fompoci" (around neck) {RegenMP rPois rF+ rC- Int+7}
   (You bought it in a shop on level 4 of the Dungeon)

   [amulet of magic regeneration]

   It increases your magic regeneration.
   It affects your intelligence (+7).
   It protects you from fire.
   It makes you vulnerable to cold.
   It protects you from poison.
 S - a +4 ring of protection (right hand)
Wands
 c - a wand of digging (8)
 o - a wand of iceblast (27)
 t - a wand of acid (3)
 v - a wand of random effects (16)
 x - a wand of paralysis (17)
 H - a wand of polymorph (13)
 N - a wand of flame (24)
Scrolls
 h - a scroll of summoning
 i - 9 scrolls of teleportation
 n - 13 scrolls of remove curse
 r - 4 scrolls of fog
 z - a scroll of magic mapping
 E - 3 scrolls of amnesia
 P - a scroll of blinking
 U - 2 scrolls of identify
Potions
 d - 8 potions of flight
 f - 7 potions of mutation
 j - 2 potions of attraction
 l - 7 potions of curing
 m - 8 potions of haste
 q - 5 potions of might
 u - 5 potions of cancellation
 A - 4 potions of brilliance
 D - 2 potions of lignification
 J - a potion of heal wounds
Miscellaneous
 M - a phantom mirror


   Skills:
 + Level 6.5 Fighting
 - Level 9.9(10.0) Short Blades
 - Level 1.2(5.8) Long Blades
 - Level 3.7 Armour
 + Level 10.3 Dodging
 - Level 7.7 Stealth
 - Level 4.0 Shields
 * Level 12.4 Spellcasting
 - Level 18.0 Necromancy
 - Level 1.1 Transmutations
 - Level 5.8 Ice Magic
 - Level 14.0 Earth Magic


You had 4 spell levels left.
You knew the following spells:

 Your Spells              Type           Power        Failure   Level
a - Sandblast             Erth           100%         0%          1
b - Passwall              Tmut/Erth      51%          1%          2
c - Stone Arrow           Conj/Erth      100%         1%          3
d - Lee's Rapid Deconstr  Erth           41%          1%          5
e - Petrify               Tmut/Erth      62%          1%          4
f - Sublimation of Blood  Necr           47%          0%          2
g - Simulacrum            Ice/Necr       38%          3%          6
h - Vampiric Draining     Necr           47%          0%          3
i - Animate Dead          Necr           47%          1%          4
j - Dispel Undead         Necr           94%          1%          4

Your spell library contained the following spells:

 Spells                   Type           Power        Failure   Level
 Animate Skeleton         Necr           100%         0%          1
 Pain                     Necr           100%         0%          1
 Freeze                   Ice            100%         1%          1
 Corpse Rot               Necr/Air       N/A          1%          2
 Ensorcelled Hibernation  Hex/Ice        76%          1%          2
 Frozen Ramparts          Ice            100%         1%          3
 Ozocubu's Armour         Ice            54%          1%          3
 Leda's Liquefaction      Hex/Erth       29%          1%          4
 Sting                    Tmut/Pois      92%          2%          1
 Apportation              Tloc           38%          3%          1
 Corona                   Hex            21%          3%          1
 Foxfire                  Conj/Fire      76%          3%          1
 Summon Small Mammal      Summ           76%          3%          1
 Poisonous Vapours        Pois/Air       38%          4%          2
 Slow                     Hex            19%          4%          2
 Ignite Poison            Fire/Tmut/Pois 22%          8%          3
 Confusing Touch          Hex            19%          9%          3
 Conjure Flame            Conj/Fire      19%          9%          3
 Dazzling Flash           Conj/Hex       38%          9%          3
 Inner Flame              Hex/Fire       19%          9%          3
 Mephitic Cloud           Conj/Pois/Air  19%          9%          3
 Portal Projectile        Hex/Tloc       38%          9%          3
 Tukima's Dance           Hex            19%          9%          3
 Hailstorm                Conj/Ice       38%          9%          4
 Summon Ice Beast         Ice/Summ       38%          9%          4
 Cause Fear               Hex            9%           30%         4
 Olgreb's Toxic Radiance  Pois           19%          30%         4
 Sticky Flame             Conj/Fire      19%          30%         4
 Agony                    Necr           94%          1%          5
 Excruciating Wounds      Necr           47%          1%          5
 Death Channel            Necr           47%          1%          6
 Borgnjor's Revivificati  Necr           47%          12%         8
 Infestation              Necr           47%          12%         8
 Haunt                    Necr/Summ      33%          54%         7
 Yara's Violent Unravell  Hex/Tmut       11%          56%         5
 Fireball                 Conj/Fire      9%           63%         5
 Silence                  Hex/Air        9%           63%         5
 Death's Door             Necr           47%          88%         9
 Necromutation            Tmut/Necr      34%          98%         8
 Discord                  Hex            9%           100%        8


Dungeon Overview and Level Annotations

Branches:
Dungeon (15/15)            Temple (1/1) D:6            Lair (6/6) D:9
 Shoals (2/4) Lair:3        Snake (0/4) Lair:2        Slime (0/5) Lair:5
    Orc (2/2) D:12            Elf (0/3) Orc:2        Vaults (0/5) D:14
 Depths (0/5) D:15

Altars:
Ashenzari
Cheibriados
Dithmenos
Elyvilon
Fedhas
Gozag
Hepliaklqana
Kikubaaqudgha
Makhleb
Nemelex Xobeh
Okawaru
Qazlal
Ru
Sif Muna
Trog
Uskayaw
Vehumet
Wu Jian
Xom
Yredelemnul
Zin
The Shining One
Lugonu

Shops:
D:4 =   D:11 *!**   D:12 }   D:14 :   Orc:2 *?::

Portals:
Trove: D:12 (give 7 scrolls of fear)

Annotations:
D:8 exclusion: iron imp
D:15 2 runed translucent doors, Uwkoecio's ghost, journeyman HOFi
Shoals:2 Ilsuiw


Innate Abilities, Weirdness & Mutations

You occasionally shout uncontrollably at your foes.


Message History

The merfolk avatar chants its luring song.
The water elemental misses you. The merfolk barely misses you.
Things that are here:
a +0 trident; 11 poisoned darts; a +0 leather armour You cannot cast spells while unable to breathe!
Your unstable footing causes you to fumble your attack.
* * * LOW HITPOINT WARNING * * *
Your lungs strain for air!
The water elemental hits you!
* * * LOW HITPOINT WARNING * * *
Your manticore zombie barely misses the water elemental.
Your manticore zombie claws the water elemental!
Your manticore zombie barely misses the water elemental.
You cannot cast spells while unable to breathe!
You miss something.
* * * LOW HITPOINT WARNING * * *
Your lungs strain for air!
Something hits you!
You die...
Kikubaaqudgha rasps: "You have failed me!
Welcome... death!"

≈≈≈≈≈≈≈≈≈≈≈≈≈≈≈≈≈.##.≈≈≈≈≈≈≈.≈†.
≈≈≈≈≈≈≈≈≈≈≈≈≈(≈≈.##$..≈PP≈≈≈÷(†.
≈≈≈≈≈..≈≈≈≈≈≈≈≈.(# #..P≈P≈≈P.(Z.
≈≈≈≈...(≈≈≈≈≈≈≈..## #..≈.≈Z≈(Z((
≈≈..##(≈≈≈≈≈≈≈≈≈.###.≈≈≈P≈≈((##
≈ ...##≈≈..[(<≈≈≈....≈≈≈≈≈≈≈§#
......)≈.#))Z)≈≈.##.≈≈≈≈..§##
≈≈≈....≈≈.Z)E≈≈≈.##.≈≈.....m.
.≈≈≈...≈≈≈≈){@ZZ≈≈...≈≈..≈≈≈..
..≈≈..≈≈>≈P≈Em≈≈≈≈...≈≈≈≈≈≈≈≈.
.[.≈≈≈≈≈(≈≈≈≈≈≈P≈≈..≈≈≈≈≈≈≈≈≈≈
.≈≈≈≈≈≈≈≈≈≈≈≈m≈≈≈≈≈≈≈≈≈≈≈≈≈≈≈≈
.≈≈≈≈≈≈≈≈≈≈≈≈≈≈≈≈≈≈≈≈≈≈≈≈≈≈.≈
≈.≈≈≈≈≈≈≈≈≈≈≈≈≈≈≈≈≈≈≈≈≈≈≈≈≈≈≈
≈≈≈≈≈≈≈≈≈≈≈≈≈≈≈≈≈≈≈≈≈≈≈≈≈≈≈≈≈
≈≈≈≈≈≈≈≈≈≈≈≈≈≈≈≈≈≈≈≈≈≈≈≈ ≈≈≈≈


You could see a merfolk avatar (mesmerising), a merfolk (corroded), 2 water
elementals, a friendly snapping turtle simulacrum, a friendly manticore zombie,
a friendly wind drake zombie and a friendly satyr skeleton.

Vanquished Creatures
  Jorgrun (D:14)
  An orc warlord (Orc:1)
  An ettin (Orc:2)
  4 merfolk impalers
  3 hydras
  A boulder beetle (D:14)
  Harold (D:11)
  3 centaur warriors
  2 catoblepae
  Erica (D:11)
  2 dancing weapons (D:14)
  A death knight (D:11)
  A tengu warrior (D:15)
  3 death yaks
  5 two-headed ogres
  6 orc high priests
  5 skeletal warriors
  An unseen horror (D:12)
  5 sea snakes
  A wizard (D:15)
  4 deep elf magi
  A harpy (shapeshifter) (D:13)
  A necromancer (D:15)
  6 harpies
  9 orc knights
  4 ugly things
  An orc sorcerer (Orc:2)
  4 manticores
  2 cyclopes
  7 fauns
  2 centaur zombies
  3 merfolk sirens
  A naga mage (D:15)
  3 black mambas
  Maurice (D:11)
  A water nymph (Shoals:2)
  A gargoyle (D:13)
  A rime drake (Lair:4)
  A centaur skeleton (D:15)
  6 cane toads
  2 kobold demonologists (D:15)
  2 freezing wraiths (D:11)
  4 komodo dragons
  4 red devils (D:13)
  5 trolls
  9 merfolk
  3 polar bears
  A snapping turtle (Shoals:1)
  19 blink frogs
  12 slime creatures
  Sigmund (D:4)
  A shadow (D:15)
  4 wyverns
  4 wraiths
  2 humans (D:10)
  2 water elementals
  59 yaks
  4 vampire mosquitoes (D:12)
  5 wargs
  2 nagas (Lair:2)
  8 water moccasins
  10 ice beasts
  38 orc warriors
  4 black bears
  8 sky beasts
  An eye of draining (D:13)
  A necrophage (D:7)
  12 ogres
  3 phantoms
  9 wolves
  9 centaurs
  3 big kobolds (D:15)
  Blork the orc (D:5)
  24 bullfrogs
  A water moccasin zombie (D:11)
  5 scorpions
  14 wights
  A howler monkey (D:5)
  7 hounds
  7 jellies
  Crazy Yiuf (D:2)
  4 bullfrog skeletons
  33 orc priests
  2 iron imps (D:8)
  21 orc wizards
  Jessica (D:3)
  3 iguanas
  12 hell rats
  5 worker ants
  Terence (D:3)
  A killer bee zombie (D:8)
  A hound zombie (D:7)
  2 worker ant zombies
  A howler monkey skeleton (D:7)
  4 gnolls
  20 adders
  2 shadow imps
  2 white imps (D:7)
  An ufetubus (D:6)
  2 oozes
  3 worms
  2 dart slugs
  7 leopard geckos
  91 orcs
  8 giant cockroaches
  2 goblins (D:1)
  7 hobgoblins
  3 jackals (D:3)
  6 quokkas
  11 bats
  5 frilled lizards
  A jackal skeleton (D:4)
  12 kobolds
  A leopard gecko zombie (D:6)
  A quokka zombie (D:7)
  5 rats
  A plant (Shoals:2)
703 creatures vanquished.

Vanquished Creatures (collateral kills)
  Rupert (Lair:4)
  Polyphemus (Shoals:2)
  A merfolk javelineer (Shoals:2)
  A merfolk impaler (Shoals:2)
  A centaur warrior (D:12)
  2 death yaks
  5 harpies
  5 ugly things (D:15)
  A cyclops (D:15)
  A faun (Shoals:1)
  3 cane toads
  2 merfolk (Shoals:2)
  2 slime creatures (D:15)
  A snapping turtle (Shoals:2)
  A water elemental (Shoals:2)
  A wraith (D:13)
  A wyvern (D:15)
  8 yaks
  A basilisk (Lair:4)
  A black bear (Lair:4)
  A meliai simulacrum (D:15)
  An ogre (D:13)
  A wolf (Lair:3)
  A bullfrog (D:14)
  A hound (D:11)
  An orc priest (Orc:2)
  3 orcs
49 creatures vanquished.

Vanquished Creatures (others)
  26 fungi
  112 plants
138 creatures vanquished.

Grand Total: 890 creatures vanquished

Notes
Turn   | Place    | Note
-------+----------+-------------------------------------------
     0 | D:1      | raph the Deep Elf Earth Elementalist began the quest for
                  | the Orb.
     0 | D:1      | Reached XP level 1. HP: 10/10 MP: 6/6
   209 | D:1      | Reached XP level 2. HP: 15/15 MP: 6/8
   240 | D:1      | Learned a level 2 spell: Passwall
  1141 | D:1      | Found a snail-covered altar of Cheibriados.
  1407 | D:2      | Found a runed translucent door.
  1408 | D:2      | Noticed Crazy Yiuf
  1418 | D:2      | Killed Crazy Yiuf
  1419 | D:2      | Reached XP level 3. HP: 19/19 MP: 7/10
  1749 | D:2      | Reached XP level 4. HP: 13/24 MP: 9/11
  2052 | D:2      | Learned a level 3 spell: Stone Arrow
  2401 | D:2      | Found a hide-covered altar of Uskayaw.
  2401 | D:2      | Found a bloodstained altar of Trog.
  2612 | D:2      | Reached XP level 5. HP: 28/28 MP: 11/13
  2929 | D:3      | Noticed Jessica
  2934 | D:3      | Killed Jessica
  3010 | D:3      | Learned a level 5 spell: Lee's Rapid Deconstruction
  3049 | D:3      | Reached skill level 5 in Earth Magic
  3060 | D:3      | Noticed Terence
  3077 | D:3      | Killed Terence
  3669 | D:3      | Reached XP level 6. HP: 32/32 MP: 11/14
  3753 | D:3      | Found an opulent altar of Gozag.
  3923 | D:3      | You fall into a shaft and drop 2 floors!
  3923 | D:5      | Entered Level 5 of the Dungeon
  4186 | D:4      | Found Doima's Jewellery Shoppe.
  4280 | D:4      | Noticed Sigmund
  5139 | D:5      | Noticed a sky beast
  5148 | D:5      | Killed a sky beast
  5149 | D:5      | Reached XP level 7. HP: 8/36 MP: 7/15
  5817 | D:5      | Noticed Blork the orc
  5822 | D:5      | Killed Blork the orc
  6532 | D:6      | Reached XP level 8. HP: 41/41 MP: 0/16
  6948 | D:6      | Reached skill level 10 in Earth Magic
  7849 | D:6      | Found a staircase to the Ecumenical Temple.
  7946 | Temple   | Entered the Ecumenical Temple
  8190 | Temple   | Became a worshipper of Kikubaaqudgha
  8555 | D:7      | Learned a level 4 spell: Petrify
  8573 | D:7      | Got a pair of steaming boots
  8579 | D:7      | Identified the +0 pair of boots "Beir" {*Drain Dex+6} (You
                  | found it on level 7 of the Dungeon)
  8626 | D:7      | Reached XP level 9. HP: 45/45 MP: 2/17
  8933 | D:7      | Reached * piety under Kikubaaqudgha
  8933 | D:7      | Identified Kikubaaqudgha's Incunabulum of Dark Magic
                  | (Kikubaaqudgha gifted it to you on level 7 of the Dungeon)
  8933 | D:7      | Received a gift from Kikubaaqudgha
  9277 | D:7      | Reached skill level 1 in Necromancy
  9621 | D:4      | Killed Sigmund
  9622 | D:4      | Reached skill level 1 in Armour
  9622 | D:4      | Reached skill level 2 in Necromancy
  9887 | D:4      | Reached skill level 1 in Fighting
 10485 | D:8      | Learned a level 2 spell: Sublimation of Blood
 10492 | D:8      | Found a corrupted altar of Lugonu.
 10492 | D:8      | Noticed an orange demon
 11025 | D:8      | Reached skill level 3 in Necromancy
 11042 | D:8      | Reached skill level 5 in Spellcasting
 11183 | D:8      | Learned a level 1 spell: Animate Skeleton
 11319 | D:8      | Found a glowing silver altar of Zin.
 11888 | D:9      | Reached skill level 5 in Stealth
 12083 | D:9      | Reached skill level 4 in Necromancy
 12094 | D:9      | Reached skill level 1 in Long Blades
 12335 | D:9      | Found a staircase to the Lair.
 12343 | D:9      | Got a translucent crystal amulet
 12351 | D:9      | Identified the amulet of Disaster {Inacc Dex+2} (You found
                  | it on level 9 of the Dungeon)
 12524 | D:9      | Reached XP level 10. HP: 53/53 MP: 13/20
 12947 | D:9      | Reached skill level 5 in Dodging
 13007 | D:9      | Reached ** piety under Kikubaaqudgha
 13037 | D:9      | Reached skill level 5 in Necromancy
 13298 | D:9      | Found a sparkling altar of Nemelex Xobeh.
 13645 | D:4      | Bought the amulet "Fompoci" {RegenMP rPois rF+ rC- Int+7}
                  | for 559 gold pieces
 13775 | Lair:1   | Entered Level 1 of the Lair of Beasts
 14096 | Lair:1   | Reached skill level 1 in Short Blades
 14114 | Lair:1   | Noticed a black mamba
 14126 | Lair:1   | Killed a black mamba
 14317 | Lair:1   | Reached skill level 6 in Necromancy
 14464 | Lair:1   | Learned a level 3 spell: Vampiric Draining
 14551 | Lair:1   | Reached XP level 11. HP: 51/60 MP: 15/22
 14950 | Lair:1   | Reached skill level 7 in Necromancy
 15300 | Lair:1   | Reached *** piety under Kikubaaqudgha
 15300 | Lair:1   | Identified Kikubaaqudgha's Handbook of Black Magic
                  | (Kikubaaqudgha gifted it to you on level 1 of the Lair of
                  | Beasts)
 15300 | Lair:1   | Received a gift from Kikubaaqudgha
 15947 | Lair:2   | Reached skill level 8 in Necromancy
 16096 | Lair:2   | Reached skill level 5 in Short Blades
 16112 | Lair:2   | Learned a level 4 spell: Animate Dead
 16779 | Lair:2   | Found a staircase to the Snake Pit.
 16793 | Lair:2   | Reached XP level 12. HP: 66/66 MP: 15/26
 17078 | Lair:3   | Found a staircase to the Shoals.
 17784 | Lair:3   | Noticed a six-headed hydra
 17795 | Lair:3   | Reached skill level 9 in Necromancy
 17796 | Lair:3   | Killed a six-headed hydra
 18508 | Lair:4   | Noticed a death yak
 18509 | Lair:4   | Noticed a death yak
 18636 | Lair:4   | Noticed a death yak
 18645 | Lair:3   | Reached **** piety under Kikubaaqudgha
 18945 | Lair:2   | Killed a death yak
 19144 | Lair:4   | Killed a death yak
 19155 | Lair:4   | Killed a death yak
 19222 | Lair:4   | Noticed Rupert
 19225 | Lair:4   | Paralysed by Rupert for 4 turns
 19238 | Lair:4   | Killed Rupert
 19239 | Lair:4   | Reached skill level 10 in Necromancy
 19346 | Lair:4   | Noticed a four-headed hydra
 19351 | Lair:4   | Killed a four-headed hydra
 19851 | Lair:4   | Reached skill level 5 in Fighting
 20401 | Lair:5   | Reached XP level 13. HP: 50/72 MP: 14/28
 20459 | Lair:5   | Found a staircase to the Slime Pits.
 20500 | Lair:5   | Learned a level 6 spell: Simulacrum
 21192 | Lair:6   | Entered Level 6 of the Lair of Beasts
 21298 | D:10     | Entered Level 10 of the Dungeon
 21404 | D:10     | Reached skill level 11 in Necromancy
 21859 | D:10     | Found an iron altar of Okawaru.
 22379 | D:10     | Reached ***** piety under Kikubaaqudgha
 22584 | D:11     | Noticed Harold
 22588 | D:11     | Killed Harold
 22964 | D:4      | Bought a +4 ring of protection for 360 gold pieces
 23124 | D:11     | Found Hihab's General Store.
 23326 | D:11     | Found Kyintixzo's General Store.
 23362 | D:11     | Noticed Maurice
 23458 | D:11     | Found Lom Eloa's Distillery.
 23539 | D:11     | Found Azuir's Assorted Antiques.
 23543 | D:11     | Bought a scroll of identify for 48 gold pieces
 23585 | D:11     | Killed Maurice
 23595 | D:11     | Noticed Erica
 23595 | D:11     | Killed Erica
 23596 | D:11     | Reached skill level 12 in Necromancy
 23717 | D:11     | You fall into a shaft and drop 2 floors!
 23979 | D:13     | Reached skill level 13 in Necromancy
 24896 | D:13     | Reached skill level 1 in Shields
 25381 | D:12     | Found Girhyb's Gadget Boutique.
 25843 | D:12     | Reached skill level 14 in Necromancy
 25851 | D:12     | Found a staircase to the Orcish Mines.
 25910 | D:12     | Reached XP level 14. HP: 78/78 MP: 10/29
 26279 | D:12     | Found a portal to a secret trove of treasure.
 26566 | Orc:1    | Entered Level 1 of the Orcish Mines
 26611 | Orc:1    | Noticed an orc warlord
 26622 | Orc:1    | Killed an orc warlord
 26922 | Orc:2    | Entered Level 2 of the Orcish Mines
 27032 | Orc:2    | Reached ****** piety under Kikubaaqudgha
 27458 | Orc:2    | Reached skill level 15 in Necromancy
 28281 | Orc:2    | Reached skill level 16 in Necromancy
 28504 | Orc:2    | Found Dimagime's Book Shop.
 28504 | Orc:2    | Found Pemnar's General Store.
 28505 | Orc:2    | Found Inydeil's Book Shop.
 28505 | Orc:2    | Found Annubuez's Magic Scroll Boutique.
 28513 | Orc:2    | Bought a scroll of enchant weapon for 82 gold pieces
 29026 | Orc:2    | Received a gift from Kikubaaqudgha
 29149 | Orc:2    | Found a staircase to the Elven Halls.
 29606 | Orc:2    | Found a radiant altar of Vehumet.
 30282 | Orc:1    | Gained mutation: You occasionally shout uncontrollably at
                  | your foes. [a neqoxec]
 30286 | Orc:1    | Reached skill level 17 in Necromancy
 31144 | D:14     | Found Ammeolupn's Book Shoppe.
 31199 | D:14     | Reached skill level 1 in Ice Magic
 31429 | D:14     | Found a gate to the Vaults.
 31464 | D:14     | Noticed Jorgrun
 31476 | D:14     | Killed Jorgrun
 31515 | D:14     | Reached skill level 10 in Spellcasting
 32131 | D:14     | Found a shimmering altar of Xom.
 32134 | D:14     | Found an iron altar of Okawaru.
 32134 | D:14     | Found a shadowy altar of Dithmenos.
 32192 | D:14     | Found a stormy altar of Qazlal.
 32192 | D:14     | Found an ornate altar of the Wu Jian Council.
 32192 | D:14     | Found a glowing golden altar of the Shining One.
 32255 | D:15     | Entered Level 15 of the Dungeon
 32363 | D:15     | Reached XP level 15. HP: 82/82 MP: 21/31
 32447 | D:15     | Found a shimmering blue altar of Sif Muna.
 32881 | D:15     | Learned a level 4 spell: Dispel Undead
 33050 | D:15     | Found a staircase to the Depths.
 33310 | D:15     | Found a large runed translucent door.
 33310 | D:15     | Found a large runed translucent door.
 33528 | D:15     | Reached skill level 18 in Necromancy
 33664 | D:15     | Noticed Uwkoecio's ghost (journeyman HOFi)
 33665 | D:15     | Found the +8 autumn katana {vorpal, Clar}
 34178 | Shoals:1 | Entered Level 1 of the Shoals
 34850 | Lair:3   | Reached skill level 5 in Ice Magic
 36240 | Shoals:2 | Noticed Polyphemus
 36272 | Shoals:2 | Killed Polyphemus
 36286 | Shoals:2 | Noticed Ilsuiw
 36295 | Shoals:1 | Reached skill level 10 in Dodging
 37147 | Shoals:2 | Slain by Ilsuiw

Illustrated notes

Levels and vault maps discovered:
D:1:      dpeg_arrival_water_altar, layout_basic, minmay_misc_feat_doors
D:2:      layout_basic, nicolae_overflow_hidden_temple, chequers_mini_garden,
          uniq_crazy_yiuf_cottage
D:3:      layout_rooms, lemuel_coloured_pillars_altar, uniq_jessica,
          uniq_terence
D:4:      layout_basic, serial_shops, shop, serial_corexii_hall,
          chequers_hall_statues_y, corexii_hall_statues_x, uniq_sigmund
D:5:      layout_loops_corners, cheibrodos_gnoll_hut, uniq_blork_the_orc
D:6:      layout_loops_ring, minmay_temple_entry_nine_rooms
D:7:      layout_rooms
D:8:      layout_loops_ring, zin_treasury, lemuel_hellish_altar
D:9:      layout_long_grid, lair_entry_dummy, minivault_5,
          nemelex_dance_club_becter
D:10:     layout_roguey, okawaru_humans
D:11:     layout_roguey, portal_ice_cave_entry_ice_beasts, serial_shops, shop,
          shop, nicolae_shop_statue_plus, shop, uniq_harold, uniq_maurice,
          uniq_erica
D:12:     layout_loops_ring, david_orc_2, nicolae_trove_entry_isolated,
          serial_shops, kennysheep_little_box, minivault_4
D:13:     layout_gridville, gauntlet_entry_generic,
          einodemon_armed_red_devil_minivault
D:14:     layout_loops_ring, erik_vaults_1, nicolae_water_bricks, serial_shops,
          shop, doesnt_xom_only_xom, uniq_jorgrun
D:15:     grunt_enter_depths_magical_seal, layout_irregular_city, tgw_sif,
          ebering_ghost_disaster_area, nrook_mini_backslash, minivault_14,
          minmay_fractal_squares_gapless_5
Temple:   hc_temple_tempest_star
Lair:1:   layout_loops_ring, chequers_serial_rivers_room_b
Lair:2:   layout_regular_city, guppyfry_snake_entry_island
Lair:3:   layout_roguey, minmay_shoals_entry_lonely_mermaid
Lair:4:   layout_gridlike, minivault_11, uniq_rupert
Lair:5:   layout_gridlike, minmay_slime_entry_pillars, grunt_megastairs_1
Lair:6:   minmay_lair_end_frog_pond, layout_cave_pods,
          nicolae_quartered_pool_super
Shoals:1: layout_shoals
Shoals:2: layout_shoals, serial_shops, shop, nicolae_shoals_dead_sea_scrolls,
          uniq_polyphemus, uniq_ilsuiw
Orc:1:    layout_caves
Orc:2:    st_orc_pillars, layout_caves, lemuel_statue_altar

Skill      XL: |  1  2  3  4  5  6  7  8  9 10 11 12 13 14 15 |
---------------+----------------------------------------------+-----
Stealth        | 3 5 6 7 |  7.7
Dodging        | 3 4 6 7 8 10 | 10.3
Earth Magic    | 4 6 7 9 12 13 14 | 14.0
Spellcasting   | 4 5 6 8 9 10 12 | 12.4
Necromancy     | 4 6 8 10 14 17 18 | 18.0
Armour         | 1 3 |  3.7
Fighting       | 1 3 4 5 6 |  6.5
Long Blades    | 1 |  1.2
Short Blades   | 3 5 7 9 |  9.9
Shields        | 3 4 |  4.0
Ice Magic      | 2 5 |  5.8
Transmutations | |  1.1

Action                   |  1- 3 |  4- 6 |  7- 9 | 10-12 | 13-15 || total
-------------------------+-------+-------+-------+-------+-------++-------
Melee: Dagger            |    53 |    54 |     4 |    88 |   478 ||   677
       Long sword        |       |       |    10 |       |       ||    10
       Staff             |       |       |       |     2 |     3 ||     5
 Cast: Sandblast         |    36 |    78 |    43 |    33 |    35 ||   225
       Passwall          |       |     4 |       |       |     8 ||    12
       Stone Arrow       |       |     9 |    41 |    60 |    94 ||   204
       Lee's Rapid Decon |       |       |    41 |   130 |   303 ||   474
       Petrify           |       |       |     9 |       |     8 ||    17
       Animate Skeleton  |       |       |     2 |    13 |       ||    15
       Vampiric Draining |       |       |       |    19 |    76 ||    95
       Animate Dead      |       |       |       |    18 |    50 ||    68
       Sublimation of Bl |       |       |       |     1 |    14 ||    15
       Simulacrum        |       |       |       |       |    28 ||    28
       Dispel Undead     |       |       |       |       |     7 ||     7
Invok: Receive Corpses   |       |       |       |     2 |    12 ||    14
       Receive Necronomi |       |       |       |       |     1 ||     1
Evoke: Wand              |       |       |       |     1 |     5 ||     6
  Use: Scroll            |       |    13 |     4 |     9 |    20 ||    46
       Potion            |       |       |       |       |     3 ||     3
 Stab: Sleeping          |     4 |     6 |     2 |     1 |    10 ||    23
       Petrifying        |       |       |       |       |     1 ||     1
       Distracted        |       |       |       |       |     3 ||     3
       Petrified         |       |       |       |       |     1 ||     1
Armor: Robe              |    21 |     4 |       |       |       ||    25
       Leather armour    |       |    39 |    15 |    33 |   195 ||   282
Dodge: Dodged            |    67 |    80 |    20 |   105 |   558 ||   830
Block: Buckler           |       |       |       |       |   157 ||   157
       Rpst.: Long sword |       |       |     3 |       |       ||     3
